[Event "DVM U12 2021-22"]
[Site "Naumburg"]
[Date "2022.03.26"]
[Round "3"]
[White "Becker, Joe Matthis"]
[Black "Zimmer, Tim"]
[Result "0-1"]
[ECO "C50"]
[WhiteElo "1258"]
[BlackElo "1170"]
[Annotator "NA"]
[PlyCount "110"]
[EventDate "2022.03.25"]
[EventType "team-tourn"]
[EventRounds "7"]
[EventCountry "GER"]
[SourceTitle "playchess.com"]
[Source "ChessBase"]
[SourceQuality "1"]
[TimeControl "40/5400+30:1800+30"]

1. e4 e5 2. Nf3 Nc6 3. Bc4 Bc5 4. O-O Nf6 5. b4 Bxb4 6. c3 Be7 7. d4 Na5 8. Nxe5 Nxc4 9. Nxc4 d5 10. exd5 Qxd5 11. Ne3 Qd8 12. c4 O-O 13. Nc3 Re8 14. Qf3 Qxd4 15. Bb2 Qb6 16. Rab1 Qc5 17. Rfd1 c6 18. Ne4 Nxe4 19. Qxe4 Qh5 20. Qxe7 Bg4 21. Qd6 Bxd1 22. Rxd1 h6 23. Qd4 Qg6 24. Qc3 Rad8 25. Rf1 Rd3 26. Qc2 Red8 27. h3 Qg5 28. Re1 Rd2 29. Qc3 f6 30. c5 Kh8 31. Qb3 Qf4 32. Rf1 Re2 33. Bc1 Qe4 34. a3 Rd7 35. Rd1 Rxd1+ 36. Qxd1 Ra2 37. Kf1 Qf4 38. Qe1 Qd4 39. Ng4 Qd3+ 40. Kg1 Re2 41. Qf1 Qc2 42. Ne3 Qa2 43. g3 g5 44. Kg2 f5 45. Kf3 g4+ 46. hxg4 fxg4+ 47. Kxg4 Rxf2 48. Qc4 Qxc4+ 49. Nxc4 Rc2 50. Nd6 Rxc1 51. Nxb7 Rc4+ 52. Kh5 Kg7 53. g4 a6 54. Nd8 Rxc5+ 55. Kh4 Kf6 0-1

[Event "DVM U12 2021-22"]
[Site "Naumburg"]
[Date "2022.03.26"]
[Round "3"]
[White "Moldovan, Stela"]
[Black "Smith, Tobias"]
[Result "0-1"]
[ECO "D04"]
[WhiteElo "1209"]
[BlackElo "1571"]
[Annotator "NA"]
[PlyCount "42"]
[EventDate "2022.03.25"]
[EventType "team-tourn"]
[EventRounds "7"]
[EventCountry "GER"]
[SourceTitle "playchess.com"]
[Source "ChessBase"]
[SourceQuality "1"]
[TimeControl "40/5400+30:1800+30"]

1. d4 d5 2. Nf3 Nf6 3. e3 Bf5 4. Bd3 Bg6 5. b3 c5 6. Bb2 e6 7. Ne5 Nc6 8. O-O Bd6 9. f4 Qb6 10. Nc3 Nb4 11. Na4 Qc7 12. Bb5+ Ke7 13. c3 Nc6 14. Nxg6+ hxg6 15. dxc5 Bxc5 16. Nxc5 Qb6 17. Bxc6 Qxc5 18. Bxb7 Qxe3+ 19. Kh1 Rxh2+ 20. Kxh2 Rh8+ 21. Qh5 Rxh5# 0-1

[Event "DVM U12 2021-22"]
[Site "Naumburg"]
[Date "2022.03.26"]
[Round "3"]
[White "Streich, Alexander"]
[Black "Schriefer, Leo Hans"]
[Result "1-0"]
[ECO "B20"]
[WhiteElo "1129"]
[BlackElo "1037"]
[Annotator "NA"]
[PlyCount "81"]
[EventDate "2022.03.25"]
[EventType "team-tourn"]
[EventRounds "7"]
[EventCountry "GER"]
[SourceTitle "playchess.com"]
[Source "ChessBase"]
[SourceQuality "1"]
[TimeControl "40/5400+30:1800+30"]

1. e4 c5 2. c4 g6 3. Nc3 Nc6 4. g3 Bg7 5. Bg2 Nf6 6. d3 O-O 7. Bf4 d6 8. h4 h5 9. Bh3 Bxh3 10. Rxh3 Qd7 11. f3 Nd4 12. Rh2 a6 13. Qd2 Rab8 14. Bh6 b5 15. b3 Bxh6 16. Qxh6 Nc2+ 17. Rxc2 bxc4 18. dxc4 Qc7 19. Nh3 d5 20. Rg2 Qa5 21. Rc1 d4 22. Ng5 e5 23. f4 dxc3 24. fxe5 c2+ 25. Rd2 Qc3 26. exf6 Qxg3+ 27. Ke2 Qg4+ 28. Kd3 Rfd8+ 29. Kxc2 Rxd2+ 30. Kxd2 Rd8+ 31. Kc2 Qe2+ 32. Kb1 Qd3+ 33. Kb2 Qd4+ 34. Ka3 Qxf6 35. Re1 Rd2 36. e5 Qg7 37. Qxg7+ Kxg7 38. e6 Kf8 39. e7+ Ke8 40. Ne4 Rd4 41. Nf6# 1-0

[Event "DVM U12 2021-22"]
[Site "Naumburg"]
[Date "2022.03.26"]
[Round "3"]
[White "Etzold, Emil"]
[Black "Detjen, Mattes"]
[Result "1-0"]
[ECO "C50"]
[WhiteElo "953"]
[BlackElo "1124"]
[Annotator "NA"]
[PlyCount "47"]
[EventDate "2022.03.25"]
[EventType "team-tourn"]
[EventRounds "7"]
[EventCountry "GER"]
[SourceTitle "playchess.com"]
[Source "ChessBase"]
[SourceQuality "1"]
[TimeControl "40/5400+30:1800+30"]

1. e4 e5 2. Nf3 Nc6 3. Bc4 Bc5 4. O-O Nf6 5. b4 Bxb4 6. c3 Be7 7. d4 d6 8. dxe5 dxe5 9. Bb5 Qxd1 10. Rxd1 Nxe4 11. Nxe5 O-O 12. Nxc6 bxc6 13. Bxc6 Nxc3 14. Nxc3 Rb8 15. a4 Bf6 16. Ra3 Rb6 17. Be4 Re8 18. Nd5 Rd6 19. Re3 Bg5 20. Bxh7+ Kf8 21. Rxe8+ Kxe8 22. Bxg5 g6 23. Re1+ Kf8 24. Bh6# 1-0

[Event "DVM U12 2021-22"]
[Site "Naumburg"]
[Date "2022.03.26"]
[Round "3"]
[White "Könnecke, Maximilian"]
[Black "Cwiklik, Julian"]
[Result "0-1"]
[ECO "A40"]
[WhiteElo "929"]
[BlackElo "1255"]
[Annotator "NA"]
[PlyCount "80"]
[EventDate "2022.03.25"]
[EventType "team-tourn"]
[EventRounds "7"]
[EventCountry "GER"]
[SourceTitle "playchess.com"]
[Source "ChessBase"]
[SourceQuality "1"]
[TimeControl "40/5400+30:1800+30"]

1. d4 e6 2. Nf3 d5 3. Bf4 c5 4. e3 Nc6 5. Bb5 cxd4 6. Nxd4 Bd7 7. Nc3 Nxd4 8. Bxd7+ Qxd7 9. Qxd4 Nf6 10. Be5 Be7 11. Bxf6 Bxf6 12. Qb4 Qc6 13. O-O Rc8 14. Na4 a6 15. Qa5 O-O 16. c3 b5 17. Nb6 Rb8 18. Nd7 Qxd7 19. Qxa6 b4 20. Rab1 bxc3 21. bxc3 Ra8 22. Qe2 Bxc3 23. Qc2 Bf6 24. f4 Qa4 25. Qd3 d4 26. Rf3 dxe3 27. Rh3 g6 28. Qxe3 Bd4 29. Qxd4 Qxd4+ 30. Kf1 Qxf4+ 31. Rf3 Qxh2 32. Kf2 Rxa2+ 33. Ke3 Qxg2 34. Kf4 g5+ 35. Ke4 Qe2+ 36. Re3 Ra4+ 37. Rb4 Rxb4+ 38. Ke5 Qxe3+ 39. Kf6 Qf4+ 40. Ke7 Rb7# 0-1

[Event "DVM U12 2021-22"]
[Site "Naumburg"]
[Date "2022.03.27"]
[Round "4"]
[White "Ermitsch, Magnus"]
[Black "Braun, Julian"]
[Result "0-1"]
[ECO "C84"]
[WhiteElo "2127"]
[BlackElo "1620"]
[Annotator "ChessBase"]
[PlyCount "74"]
[EventDate "2022.03.25"]
[EventType "team-tourn"]
[EventRounds "7"]
[EventCountry "GER"]
[SourceTitle "playchess.com"]
[Source "ChessBase"]
[SourceQuality "1"]
[TimeControl "40/5400+30:1800+30"]

1. e4 e5 2. Nf3 Nc6 3. Bb5 a6 4. Ba4 Nf6 5. O-O Be7 6. d3 d6 7. c3 b5 8. Bb3 O-O 9. a4 Bb7 10. Bg5 h6 11. Bxf6 Bxf6 12. Na3 b4 13. Nc4 bxc3 14. bxc3 Re8 15. Qb1 Rb8 16. Qa2 Qd7 17. Rab1 Bc8 18. Ne3 Ra8 19. a5 Nd8 20. Ba4 c6 21. Nd5 Qe6 22. Bb3 cxd5 23. Bxd5 Qg4 24. Bxa8 Ne6 25. Ne1 Nf4 26. f3 Qg6 27. Bc6 Be6 28. Qf2 Nh3+ 29. Kh1 Nxf2+ 30. Rxf2 Rc8 31. Rb6 Qg5 32. Rf1 Qe3 33. Rxa6 Qe2 34. Rg1 Bg5 35. f4 Bxf4 36. Nf3 Qxd3 37. Bb7 Rb8 0-1

[Event "DVM U12 2021-22"]
[Site "Naumburg"]
[Date "2022.03.27"]
[Round "4"]
[White "Haubold, Sebastian Marcel"]
[Black "Middendorf, Sven-Jonas"]
[Result "1-0"]
[ECO "C77"]
[WhiteElo "1869"]
[BlackElo "1424"]
[Annotator "NA"]
[PlyCount "83"]
[EventDate "2022.03.25"]
[EventType "team-tourn"]
[EventRounds "7"]
[EventCountry "GER"]
[SourceTitle "playchess.com"]
[Source "ChessBase"]
[SourceQuality "1"]
[TimeControl "40/5400+30:1800+30"]

1. e4 e5 2. Nf3 Nc6 3. Bb5 a6 4. Ba4 Nf6 5. d4 exd4 6. O-O Be7 7. Re1 b5 8. e5 Nd5 9. Bb3 Nb6 10. Nxd4 Nxd4 11. Qxd4 c5 12. Qg4 g6 13. c3 d5 14. Qf3 c4 15. Bc2 Bc5 16. Bh6 Rg8 17. Nd2 Qh4 18. Be3 Bxe3 19. Qxe3 Qd8 20. Qh6 Rf8 21. Qxh7 Be6 22. Nf3 Nd7 23. Nd4 Nc5 24. Qh6 Qc7 25. Rad1 O-O-O $18 26. b4 cxb3 27. axb3 Qd7 28. b4 Nb7 29. Ra1 Qc7 30. Rxa6 Qxc3 31. Rc6+ Qxc6 32. Nxc6 Rde8 33. Na7+ Kb8 34. Nxb5 Rh8 35. Qe3 Kc8 36. Nd6+ Nxd6 37. exd6 Bd7 38. Qc5+ Kb7 39. Qc7+ Ka6 40. Ra1+ Ba4 41. Rxa4+ Kb5 42. Qc5# 1-0

[Event "DVM U12 2021-22"]
[Site "Naumburg"]
[Date "2022.03.27"]
[Round "4"]
[White "Lu, Yunong Elias"]
[Black "Torosyan, Bagrat"]
[Result "1-0"]
[ECO "B52"]
[WhiteElo "1677"]
[BlackElo "1695"]
[Annotator "NA"]
[PlyCount "59"]
[EventDate "2022.03.25"]
[EventType "team-tourn"]
[EventRounds "7"]
[EventCountry "GER"]
[SourceTitle "playchess.com"]
[Source "ChessBase"]
[SourceQuality "1"]
[TimeControl "40/5400+30:1800+30"]

1. e4 c5 2. Nf3 d6 3. Bb5+ Bd7 4. c4 Nf6 5. Nc3 Bxb5 6. cxb5 g6 7. O-O Bg7 8. d4 cxd4 9. Nxd4 Nbd7 10. a4 O-O 11. a5 Nc5 12. Re1 Qd7 13. f3 Ne6 14. Be3 Nxd4 15. Bxd4 Rfd8 16. Kh1 Ne8 17. Bxg7 Nxg7 18. Nd5 Ne6 19. b6 a6 20. Rc1 Rac8 21. Qd2 Rc6 22. Rxc6 bxc6 23. Nb4 Qb7 24. Rc1 c5 25. Nd5 Nd4 26. Qd3 Nc6 27. b4 cxb4 28. Rxc6 e6 29. Rc7 Rc8 30. Rxc8+ 1-0

[Event "DVM U12 2021-22"]
[Site "Naumburg"]
[Date "2022.03.27"]
[Round "4"]
[White "Dordevic, Tom"]
[Black "Friedrich, Timofej"]
[Result "1-0"]
[ECO "A06"]
[WhiteElo "1671"]
[BlackElo "1377"]
[Annotator "NA"]
[PlyCount "83"]
[EventDate "2022.03.25"]
[EventType "team-tourn"]
[EventRounds "7"]
[EventCountry "GER"]
[SourceTitle "playchess.com"]
[Source "ChessBase"]
[SourceQuality "1"]
[TimeControl "40/5400+30:1800+30"]

1. Nf3 d5 2. g3 c6 3. Bg2 Nf6 4. O-O Bf5 5. c4 e6 6. cxd5 exd5 7. d3 Bg6 8. Qb3 Qb6 9. Qc2 Nbd7 10. Nc3 Bd6 11. e4 dxe4 12. dxe4 O-O 13. Be3 Qc7 14. h3 Rfe8 15. Nh4 Nf8 16. f4 Nd5 17. Nxd5 cxd5 18. Qxc7 Bxc7 19. e5 Be4 20. Bxe4 dxe4 21. Rac1 Rac8 22. Nf5 b6 23. Rf2 Ne6 24. Rfc2 Rcd8 25. Rxc7 Nxc7 26. Rxc7 Kf8 27. Rxa7 g6 28. Nd6 Re7 29. Rxe7 Kxe7 30. Bxb6 Rb8 31. Bd4 Ra8 32. a3 Ra4 33. Bc3 Ke6 34. Kf2 Kd5 35. Nxf7 Kc4 36. Ke3 Kd5 37. Nd6 h6 38. g4 g5 39. f5 Ra8 40. Nxe4 Rf8 41. Nf6+ Kc6 42. e6 1-0

[Event "DVM U12 2021-22"]
[Site "Naumburg"]
[Date "2022.03.27"]
[Round "4"]
[White "Wartenberg, Alexander"]
[Black "Ruddat, Jarne"]
[Result "1-0"]
[ECO "B38"]
[WhiteElo "1639"]
[BlackElo "1419"]
[Annotator "NA"]
[PlyCount "87"]
[EventDate "2022.03.25"]
[EventType "team-tourn"]
[EventRounds "7"]
[EventCountry "GER"]
[SourceTitle "playchess.com"]
[Source "ChessBase"]
[SourceQuality "1"]
[TimeControl "40/5400+30:1800+30"]

1. e4 c5 2. Nf3 g6 3. c4 Bg7 4. d4 cxd4 5. Nxd4 Nc6 6. Be3 Nf6 7. Nc3 O-O 8. Be2 d6 9. O-O Nxd4 10. Bxd4 Bd7 11. Bf3 Bc6 12. Qc2 Nd7 13. Bxg7 Kxg7 14. b3 a5 15. a3 Qb6 16. g3 Rfc8 17. a4 h5 18. Bg2 Kh7 19. Kh1 Nc5 20. Rab1 Qd8 21. f4 Qh8 22. f5 Qg7 23. Nd5 Bxd5 24. exd5 Rf8 25. Bh3 Rae8 26. Rbe1 Na6 27. Qe4 Nc5 28. Qe3 g5 29. Bg2 f6 30. Qc3 Ra8 31. Re2 Ra7 32. Rfe1 Re8 33. Bf3 Kh6 34. Qe3 b6 35. h4 Rb7 36. Rh2 Kh7 37. hxg5 Kg8 38. Bxh5 Reb8 39. Bg6 e5 40. dxe6 Re7 41. Rh7 Qf8 42. Rxe7 Qxe7 43. gxf6 Qxf6 44. e7 1-0

[Event "DVM U12 2021-22"]
[Site "Naumburg"]
[Date "2022.03.27"]
[Round "4"]
[White "Fruth, David"]
[Black "Koberstein, Simon"]
[Result "1-0"]
[ECO "B21"]
[WhiteElo "1607"]
[BlackElo "1462"]
[Annotator "NA"]
[PlyCount "103"]
[EventDate "2022.03.25"]
[EventType "team-tourn"]
[EventRounds "7"]
[EventCountry "GER"]
[SourceTitle "playchess.com"]
[Source "ChessBase"]
[SourceQuality "1"]
[TimeControl "40/5400+30:1800+30"]

1. e4 c5 2. d4 cxd4 3. c3 dxc3 4. Nxc3 g6 5. Nf3 Bg7 6. Bc4 Nc6 7. O-O d6 8. Qe2 Bg4 9. Bxf7+ Kxf7 10. Ng5+ Ke8 11. Qxg4 Nf6 12. Qe6 Rf8 13. Qb3 Qd7 14. Ne6 Rf7 15. Nd5 Rc8 16. Qh3 Nd8 17. Nxg7+ Rxg7 18. Qd3 Ne6 19. Rd1 Rd8 20. b3 Rf7 21. Bb2 Nc5 22. Nxf6+ exf6 23. Qe3 Qe6 24. Ba3 b6 25. Bxc5 dxc5 26. Qc3 Rfd7 27. Re1 Re7 28. f4 Rd4 29. g3 Rxe4 30. Rxe4 Qxe4 31. Qxf6 Qe3+ 32. Kg2 Qe4+ 33. Kh3 Qe6+ 34. Qxe6 Rxe6 35. Kg4 Kf7 36. Kf3 Kf6 37. Rd1 h5 38. h3 a5 39. g4 hxg4+ 40. hxg4 Rc6 41. a4 c4 42. Rc1 Ke6 43. Rxc4 Rd6 44. Ke4 Rd5 45. Rc6+ Rd6 46. f5+ gxf5+ 47. gxf5+ Ke7 48. Rxd6 Kxd6 49. Kd4 Kd7 50. Kd5 Kd8 51. Ke6 Ke8 52. f6 1-0

[Event "DVM U12 2021-22"]
[Site "Naumburg"]
[Date "2022.03.27"]
[Round "4"]
[White "Zobel, Christian"]
[Black "Wartenberg, Alissa"]
[Result "1-0"]
[ECO "C54"]
[WhiteElo "1547"]
[BlackElo "1670"]
[Annotator "NA"]
[PlyCount "51"]
[EventDate "2022.03.25"]
[EventType "team-tourn"]
[EventRounds "7"]
[EventCountry "GER"]
[SourceTitle "playchess.com"]
[Source "ChessBase"]
[SourceQuality "1"]
[TimeControl "40/5400+30:1800+30"]

1. e4 e5 2. Nf3 Nc6 3. Bc4 Bc5 4. c3 Nf6 5. d3 d6 6. O-O h6 7. Nbd2 O-O 8. h3 a6 9. Bb3 Ba7 10. Re1 Ne7 11. Nf1 Ng6 12. Ng3 Re8 13. Be3 Bd7 14. Qd2 Bxe3 15. fxe3 Bc6 16. c4 Qd7 17. Rf1 b5 18. Nh2 Rf8 19. Rxf6 gxf6 20. Ng4 Qd8 21. Nxh6+ Kh7 22. Qe2 Kxh6 23. Qh5+ Kg7 24. Nf5+ Kg8 25. Qh6 Qe7 26. Qg7# 1-0

[Event "DVM U12 2021-22"]
[Site "Naumburg"]
[Date "2022.03.27"]
[Round "4"]
[White "Merenda, Lukas-Benedikt"]
[Black "Burlutskaia, Maria"]
[Result "0-1"]
[ECO "C58"]
[WhiteElo "1479"]
[BlackElo "1420"]
[Annotator "NA"]
[PlyCount "56"]
[EventDate "2022.03.25"]
[EventType "team-tourn"]
[EventRounds "7"]
[EventCountry "GER"]
[SourceTitle "playchess.com"]
[Source "ChessBase"]
[SourceQuality "1"]
[TimeControl "40/5400+30:1800+30"]

1. e4 e5 2. Nf3 Nc6 3. Bc4 Nf6 4. Ng5 d5 5. exd5 Na5 6. Bb5+ c6 7. dxc6 bxc6 8. Bd3 h6 9. Ne4 Nd5 10. O-O Be7 11. Nbc3 O-O 12. Re1 Nf4 13. Bf1 f5 14. Ng3 Bd6 15. a3 c5 16. d3 Bb7 17. Nb5 Bb8 18. b4 cxb4 19. axb4 Nc6 20. Rb1 a6 21. Na3 Nd4 22. Bxf4 exf4 23. Ne2 Nf3+ 24. gxf3 Bxf3 25. h3 Qg5+ 26. Kh2 Bxe2 27. Rxe2 f3+ 28. Kh1 Qf4 0-1

[Event "DVM U12 2021-22"]
[Site "Naumburg"]
[Date "2022.03.27"]
[Round "4"]
[White "Cwiklik, Jonah"]
[Black "Eichner, Tim"]
[Result "0-1"]
[ECO "C23"]
[WhiteElo "1409"]
[BlackElo "1460"]
[Annotator "NA"]
[PlyCount "132"]
[EventDate "2022.03.25"]
[EventType "team-tourn"]
[EventRounds "7"]
[EventCountry "GER"]
[SourceTitle "playchess.com"]
[Source "ChessBase"]
[SourceQuality "1"]
[TimeControl "40/5400+30:1800+30"]

1. e4 e5 2. Nf3 Nc6 3. Bc4 Bc5 4. c3 d6 5. d4 exd4 6. cxd4 Bb6 7. Bb5 Bd7 8. O-O Nf6 9. e5 dxe5 10. dxe5 Nxe5 11. Nxe5 Bxb5 12. Qb3 Qd5 13. Qxd5 Nxd5 14. Rd1 Nf6 15. Nc3 Ba6 16. Bg5 O-O 17. Bxf6 gxf6 18. Nd7 Rfd8 19. Nd5 Kg7 20. N7xf6 Ba5 21. b4 Bxb4 22. Nxb4 Kxf6 23. Nd5+ Kg7 24. Nxc7 Be2 25. Re1 Rac8 26. Ne6+ fxe6 27. Rxe2 Rc6 28. g3 Kf6 29. Kg2 b5 30. Rb1 Rb8 31. a4 b4 32. Reb2 a5 33. f4 Rc3 34. Ra2 Ra3 35. Rbb2 Rc3 36. Kh3 Rg8 37. Rc2 Rd3 38. Rc5 Rd5 39. Rc7 Rg7 40. Rxg7 Kxg7 41. Kg4 Kg6 42. h4 h5+ 43. Kf3 Kf5 44. Ke3 e5 45. fxe5 Kxe5 46. Rb2 Kf5 47. Rb1 Kg4 48. Rb3 Rd1 49. Ke4 Rg1 50. Kd5 Rxg3 51. Rb1 Rc3 52. Kd4 Kxh4 53. Rg1 Rg3 54. Rh1+ Kg4 55. Ke4 h4 56. Rf1 b3 57. Rh1 b2 58. Rf1 Rb3 59. Rg1+ Kh3 60. Rb1 Kg2 61. Kf4 h3 62. Kg4 h2 63. Kh4 h1=R+ 64. Kg4 Rxb1 65. Kh4 Rg3 66. Kh5 Rh1# 0-1

[Event "DVM U12 2021-22"]
[Site "Naumburg"]
[Date "2022.03.27"]
[Round "4"]
[White "Zhang, Yibo"]
[Black "Klaska, Philipp Leon"]
[Result "0-1"]
[ECO "B43"]
[WhiteElo "1397"]
[BlackElo "1959"]
[Annotator "NA"]
[PlyCount "92"]
[EventDate "2022.03.25"]
[EventType "team-tourn"]
[EventRounds "7"]
[EventCountry "GER"]
[SourceTitle "playchess.com"]
[Source "ChessBase"]
[SourceQuality "1"]
[TimeControl "40/5400+30:1800+30"]

1. e4 c5 2. Nf3 e6 3. d4 cxd4 4. Nxd4 a6 5. Nc3 Qc7 6. Bd3 b5 7. O-O Bb7 8. Qe2 Nf6 {[%emt 0:03:35] is the legacy move (8...d6).} 9. a4 b4 10. Nb1 Nc6 11. Be3 {[%emt 0:03:54] [#]} d5 $146 ({Predecessor:} 11... Nxd4 12. Bxd4 e5 13. Be3 Nxe4 14. Bf4 d5 15. Bxe4 dxe4 16. Bg3 Bd6 17. c3 O-O {0-1 (37) Tymchyshyn,V (1267)-Niezhentsev,K (1721) Kiev 2021}) 12. exd5 Nxd5 13. c3 Nxd4 14. cxd4 Bd6 15. h3 O-O ({Better is} 15... Qc6 $17 16. Qf3 {[#]} Nf4 $1 17. Qxc6+ Bxc6 18. Bxf4 Bxf4) 16. Rc1 Qe7 17. Nd2 Nf4 18. Bxf4 Bxf4 19. Re1 Bxd2 20. Qxd2 Rfd8 21. Rad1 (21. a5 $11 {should be considered.}) 21... Bd5 ({Black should play} 21... Rac8 $15) 22. Qe2 a5 23. f3 Kh8 24. Bc2 ({White should play} 24. Rc1 $15) 24... Rac8 25. b3 Qg5 26. Qf2 $19 Rc3 ({Stronger than} 26... Bxf3 27. Qxf3 Rxc2 28. Re5 $11) 27. Re5 Qf6 28. Re3 Rdc8 29. Rd2 g6 30. Red3 Qf4 31. Kh1 Rxd3 32. Bxd3 Rc1+ 33. Bf1 Rxf1+ 34. Qxf1 Qxd2 35. Qb5 Qxd4 36. Qxa5 Bxb3 37. Qb5 Bd5 38. Qf1 b3 39. Qc1 b2 40. Qh6 b1=Q+ 41. Kh2 Kg8 42. Qg5 Qbg1+ 43. Kg3 Qdf2+ 44. Kf4 Qe3+ 45. Kg4 Qxg2+ 46. Kh4 Qexg5# 0-1

[Event "DVM U12 2021-22"]
[Site "Naumburg"]
[Date "2022.03.27"]
[Round "4"]
[White "Lorenz, Veronika"]
[Black "Helms, Finn"]
[Result "0-1"]
[ECO "B13"]
[WhiteElo "1388"]
[BlackElo "1911"]
[Annotator "ChessBase"]
[PlyCount "104"]
[EventDate "2022.03.25"]
[EventType "team-tourn"]
[EventRounds "7"]
[EventCountry "GER"]
[SourceTitle "playchess.com"]
[Source "ChessBase"]
[SourceQuality "1"]
[TimeControl "40/5400+30:1800+30"]

1. e4 c6 2. d4 d5 3. exd5 cxd5 4. c4 Nf6 5. Nc3 Nc6 6. Nf3 g6 7. cxd5 Nxd5 8. Bc4 Nb6 9. Bb3 Bg7 10. d5 Na5 11. O-O O-O 12. Re1 Re8 13. Be3 Bg4 14. h3 Bxf3 15. Qxf3 Nbc4 16. Ba4 Rf8 17. Bc5 Ne5 18. Qe2 b6 19. Bb4 g5 20. Rad1 Nac4 21. b3 Nd6 22. Ne4 h6 23. Bc3 Rc8 24. Bxe5 Bxe5 25. Bc6 Nxe4 26. Qxe4 Bc3 27. Rf1 Qd6 28. Rc1 Bb4 29. Rc4 a5 30. Rfc1 Bc5 31. Re1 Qf6 32. Re2 Qa1+ 33. Kh2 Bd6+ 34. g3 f5 35. Qe6+ Kg7 36. f4 b5 37. Bxb5 Rxc4 38. Bxc4 gxf4 39. gxf4 Bxf4+ 40. Kg2 Bd6 41. Qe3 Rf6 42. Re1 Qb2+ 43. Kf1 Bb4 44. Rd1 Bd6 45. Qd4 Qc2 46. Be2 f4 47. Bf3 Bc5 48. Qd2 Qf5 49. Bg4 Qe4 50. Qg2 Qe3 51. Re1 Qc3 52. Re6 Kh8 0-1

[Event "DVM U12 2021-22"]
[Site "Naumburg"]
[Date "2022.03.27"]
[Round "4"]
[White "Flierl, Veronika"]
[Black "Mombauer, Felix"]
[Result "1-0"]
[ECO "C58"]
[WhiteElo "1356"]
[BlackElo "1240"]
[Annotator "NA"]
[PlyCount "155"]
[EventDate "2022.03.25"]
[EventType "team-tourn"]
[EventRounds "7"]
[EventCountry "GER"]
[SourceTitle "playchess.com"]
[Source "ChessBase"]
[SourceQuality "1"]
[TimeControl "40/5400+30:1800+30"]

1. e4 e5 2. Nf3 Nc6 3. Bc4 Nf6 4. Ng5 d5 5. exd5 Na5 6. Bb5+ Bd7 7. Qe2 c6 8. Qxe5+ Qe7 9. Qxe7+ Bxe7 10. dxc6 bxc6 11. Be2 O-O 12. O-O Nd5 13. d3 h6 14. Ne4 Rab8 15. Nbc3 Rfe8 16. Re1 Nb4 17. Bd1 Bd6 18. Bd2 Bc7 19. a3 Nd5 20. Rb1 Be5 21. Nxd5 cxd5 22. Nc5 Bc6 23. Bxa5 Rb5 24. Nb3 Rb7 25. Bf3 Rbe7 26. Bb4 Re6 27. Nc5 Rg6 28. Re2 Bd6 29. Rxe8+ Bxe8 30. Bxd5 Rg5 31. Ne4 Bxh2+ 32. Kxh2 Rxd5 33. Re1 Bd7 34. Nc5 Bc6 35. c4 Rh5+ 36. Kg1 a5 37. Bxa5 Rxc5 38. b4 Rg5 39. g3 Rh5 40. Kf1 Bf3 41. Re8+ Kh7 42. Ke1 Rh1+ 43. Kd2 Rd1+ 44. Kc2 Rf1 45. Bb6 Ra1 46. Kb2 Rd1 47. Rd8 g5 48. a4 h5 49. Be3 h4 50. gxh4 gxh4 51. Rd4 Rh1 52. Bg5 h3 53. Rh4+ Kg6 54. Bf4 f5 55. Rh6+ Kg7 56. c5 Rf1 57. Rxh3 Rxf2+ 58. Kc3 Ra2 59. Rxf3 Rxa4 60. Be5+ Kf7 61. Rxf5+ Ke6 62. Rh5 Kd5 63. Bg3+ Kc6 64. Kc4 Ra2 65. Rh6+ Kd7 66. c6+ Ke7 67. Bd6+ Kf7 68. c7 Rc2+ 69. Kb3 Rxc7 70. Bxc7 Kg7 71. Rd6 Kf7 72. b5 Ke7 73. b6 Kf7 74. b7 Kg7 75. b8=Q Kf7 76. Qd8 Kg7 77. Qe7+ Kg8 78. Rd8# 1-0

[Event "DVM U12 2021-22"]
[Site "Naumburg"]
[Date "2022.03.27"]
[Round "4"]
[White "Teng, David"]
[Black "Schimann, Kirill"]
[Result "1-0"]
[ECO "B19"]
[WhiteElo "1334"]
[BlackElo "1344"]
[Annotator "NA"]
[PlyCount "99"]
[EventDate "2022.03.25"]
[EventType "team-tourn"]
[EventRounds "7"]
[EventCountry "GER"]
[SourceTitle "playchess.com"]
[Source "ChessBase"]
[SourceQuality "1"]
[TimeControl "40/5400+30:1800+30"]

1. e4 c6 2. d4 d5 3. Nd2 dxe4 4. Nxe4 Bf5 5. Ng3 Bg6 6. h4 h6 7. Nf3 Nd7 8. h5 Bh7 9. Bd3 Bxd3 10. Qxd3 e6 11. Bd2 Ngf6 12. O-O-O Be7 13. Kb1 Qb6 14. Be3 Nd5 15. Ne4 Nxe3 16. Qxe3 Nf6 17. Nxf6+ Bxf6 18. g4 c5 19. c3 cxd4 20. cxd4 Rd8 21. Rd2 Rd5 22. Rc1 O-O 23. Rc3 Bg5 24. Nxg5 Rxg5 25. Rb3 Rb5 26. Rdd3 Rxb3 27. Rxb3 Qc6 28. f3 Rc8 29. Rc3 Qd7 30. Rxc8+ Qxc8 31. Qc1 Qxc1+ 32. Kxc1 Kf8 33. Kd2 Ke7 34. Ke3 Kd6 35. Ke4 g6 36. g5 Ke7 37. gxh6 Kf8 38. hxg6 fxg6 39. Ke5 Kf7 40. h7 Kg7 41. Kxe6 Kxh7 42. d5 Kh6 43. d6 Kh5 44. d7 Kh4 45. d8=Q+ Kh3 46. Qg5 Kh2 47. Qg4 g5 48. Ke5 b5 49. Ke4 b4 50. Ke3 1-0

[Event "DVM U12 2021-22"]
[Site "Naumburg"]
[Date "2022.03.27"]
[Round "4"]
[White "Fadeev, Justin Michael"]
[Black "Haubold, Christian Lucas"]
[Result "0-1"]
[ECO "C54"]
[WhiteElo "1327"]
[BlackElo "1808"]
[Annotator "NA"]
[PlyCount "44"]
[EventDate "2022.03.25"]
[EventType "team-tourn"]
[EventRounds "7"]
[EventCountry "GER"]
[SourceTitle "playchess.com"]
[Source "ChessBase"]
[SourceQuality "1"]
[TimeControl "40/5400+30:1800+30"]

1. e4 e5 2. Nf3 Nc6 3. d4 exd4 4. Bc4 Bc5 5. c3 Nf6 6. cxd4 Bb4+ 7. Bd2 Nxe4 8. Bxb4 Nxb4 9. Bxf7+ Kxf7 10. Qb3+ d5 11. Ne5+ Ke6 12. Qxb4 c5 13. Qb3 Qa5+ 14. Ke2 b6 15. Qf3 Ba6+ 16. Nd3 Rhf8 17. Qh3+ Kd6 18. dxc5+ bxc5 19. Nc3 Rxf2+ 20. Kd1 Rd2+ 21. Ke1 Rxd3 22. Qg4 Re3+ 0-1

[Event "DVM U12 2021-22"]
[Site "Naumburg"]
[Date "2022.03.27"]
[Round "4"]
[White "Marinin, Georgii"]
[Black "Xue, Luka"]
[Result "0-1"]
[ECO "C11"]
[WhiteElo "1293"]
[BlackElo "1610"]
[Annotator "NA"]
[PlyCount "66"]
[EventDate "2022.03.25"]
[EventType "team-tourn"]
[EventRounds "7"]
[EventCountry "GER"]
[SourceTitle "playchess.com"]
[Source "ChessBase"]
[SourceQuality "1"]
[TimeControl "40/5400+30:1800+30"]

1. e4 e6 2. d4 d5 3. Nc3 Nf6 4. Bg5 dxe4 5. Nxe4 Be7 6. Nxf6+ gxf6 7. Be3 a6 8. c3 Nd7 9. Nf3 b6 10. Bd3 Bb7 11. h4 f5 12. h5 Rg8 13. Rg1 Nf6 14. h6 Qd5 15. c4 Qd6 16. a3 Rd8 17. g3 Ng4 18. Qe2 Nxe3 19. fxe3 Rxg3 20. Rf1 Bxf3 21. Rxf3 Rg1+ 22. Rf1 Qg3+ 23. Kd2 Rg2 24. Qxg2 Qxg2+ 25. Kc3 c5 26. Rg1 Qh3 27. Rg8+ Kd7 28. Rxd8+ Kxd8 29. Re1 Qxh6 30. d5 Bf6+ 31. Kb3 exd5 32. Bxf5 dxc4+ 33. Kxc4 Qh4+ 0-1

[Event "DVM U12 2021-22"]
[Site "Naumburg"]
[Date "2022.03.27"]
[Round "4"]
[White "Cwiklik, Julian"]
[Black "Aaron Joel N"]
[Result "1-0"]
[ECO "C54"]
[WhiteElo "1255"]
[BlackElo "1197"]
[Annotator "NA"]
[PlyCount "83"]
[EventDate "2022.03.25"]
[EventType "team-tourn"]
[EventRounds "7"]
[EventCountry "GER"]
[SourceTitle "playchess.com"]
[Source "ChessBase"]
[SourceQuality "1"]
[TimeControl "40/5400+30:1800+30"]

1. e4 e5 2. Nf3 Nc6 3. Bc4 Bc5 4. c3 Nf6 5. d4 exd4 6. e5 d5 7. Bb5 Ne4 8. cxd4 Bb4+ 9. Bd2 Bxd2+ 10. Nbxd2 Bg4 11. Qc2 Qd7 12. Rc1 Nxd2 13. Nxd2 O-O 14. Bxc6 bxc6 15. h3 Bf5 16. Qxc6 Qxc6 17. Rxc6 Rfc8 18. O-O Rab8 19. Nb3 a5 20. g4 Be6 21. Ra6 Rb5 22. Nc5 Rxb2 23. Rxa5 Rd2 24. Nb3 Rd3 25. Kg2 h5 26. f3 h4 27. f4 g6 28. Rf3 Rd1 29. f5 gxf5 30. gxf5 Bd7 31. Rf4 Rd3 32. Nc5 Rd2+ 33. Kf3 Bc6 34. Rg4+ Kf8 35. Rxh4 Ke7 36. f6+ Kd8 37. Rh8+ Be8 38. e6 fxe6 39. f7 c6 40. fxe8=Q+ Kc7 41. Qd7+ Kb6 42. Qa7# 1-0